Cogmind - Beta 15 @@@ ROGUE MODE // 2025.05.26 @ 22:36:50 Player: Zaros426 Result: Destroyed by 1C-8HL(R) with Subdweller Laser Performance ------------- Evolutions (0) 0 Regions Visited (3) 600 Robots Destroyed (32) 160 Value Destroyed (824) 824 Prototype IDs (3) 60 Alien Tech Used (0) 0 Bonus (0) 0 TOTAL SCORE: 1644 Bonus ------- None Cogmind --------- Core Integrity 0/250 Matter 5/300 Energy 280/280 System Corruption 0% Temperature Cool (6) Movement Treading (240) Ox1 Location -10/Subcaves Parts ------- > --- POWER (1) -------- Cooled Ion Engine > --- PROPULSION (2) --- Improved Treads Improved Treads > --- UTILITY (2) ------ High-capacity Storage Unit Hardened Light Armor Plating > --- WEAPON (2) ------- Battle Cannon Battle Cannon > --- INVENTORY (20) --- Cooled Ion Engine Cooled Ion Engine Improved Treads Improved Treads Scrap Suit Humpback Machine Analyzer Seismic Detector Hardened Light Armor Plating Decoy Drone Bay Subdweller Laser Beam Cannon Grenade Launcher Datajack Mace Peak State ------------ > --- POWER ------------ Cooled Ion Engine > --- PROPULSION ------- Light Treads Improved Treads > --- UTILITY ---------- High-capacity Storage Unit Hardened Light Armor Plating > --- WEAPON ----------- Battle Cannon Battle Cannon > --- INVENTORY -------- Cooled Ion Engine Cooled Ion Engine Improved Treads Improved Treads Improved Treads Scrap Suit Humpback Machine Analyzer Seismic Detector Hardened Light Armor Plating Decoy Drone Bay EM Pulse Gun Subdweller Laser Beam Cannon Grenade Launcher Datajack Mace [Rating: 18] Favorites ----------- Power Cooled Ion Engine Engine Cooled Ion Engine Propulsion Light Treads Treads Light Treads Wheel Compact Wheel Utility Hardened Light Armor Plating Device Seismic Detector Storage High-capacity Storage Unit Protection Hardened Light Armor Plating Weapon EM Pulse Gun Energy Gun EM Pulse Gun Ballistic Gun Assault Rifle Ballistic Cannon Battle Cannon Launcher Grenade Launcher Impact Weapon Mace Build | -11 -10 -10 -10 ------- Run | Yrd Mat Min Sub Slots Evolved . | . . . . Power . | . . . . Propulsion . | . . . . Utility . | . . . . Weapon . | . . . . Parts Attached 34 | 7 17 4 6 Power 3 | 1 1 1 . Engine 3 | 1 1 1 . Core . | . . . . Reactor . | . . . . Propulsion 10 | 2 5 1 2 Treads 8 | 2 3 1 2 Leg . | . . . . Wheel 2 | . 2 . . Hover . | . . . . Flight . | . . . . Utility 7 | 2 4 . 1 Device 1 | 1 . . . Storage 3 | 1 2 . . Processor . | . . . . Hackware . | . . . . Protection 3 | . 2 . 1 Artifact . | . . . . Weapon 14 | 2 7 2 3 Energy Gun 3 | . 2 1 . Energy Cannon . | . . . . Ballistic Gun 3 | 2 1 . . Ballistic Cannon 2 | . . . 2 Launcher 3 | . 2 . 1 Special Weapon . | . . . . Impact Weapon 3 | . 2 1 . Slashing Weapon . | . . . . Piercing Weapon . | . . . . Special Melee Weapon . | . . . . Unidentified Prototypes 1 | . 1 . . Parts Lost 6 | . . 2 4 Power . | . . . . Propulsion 2 | . . 1 1 Utility 1 | . . . 1 Weapon 3 | . . 1 2 Highest Loss Streak 2 | . . 1 2 To Critical Strikes . | . . . . Average Backups 15 | 2 12 18 15 Power 1 | . 1 2 2 Propulsion 4 | . 4 5 2 Utility 4 | . 2 4 5 Weapon 4 | 1 4 4 4 Tool/Special . | . . . . Unused Backups 21 | . 7 1 13 Power 4 | . 2 . 2 Propulsion 2 | . . . 2 Utility 6 | . . . 6 Weapon 8 | . 5 1 2 Tool/Special 1 | . . . 1 Average Slot Usage (%) 98 | . 96 99 100 Engine 13 | . 13 14 14 Treads 27 | . 25 28 28 Device 1 | . 3 . . Storage 14 | . 14 14 14 Protection 12 | . 9 14 14 Energy Gun 11 | . 3 20 7 Ballistic Gun 3 | . 10 . . Ballistic Cannon 5 | . . . 20 Launcher 3 | . 4 4 . Impact Weapon 3 | . 7 2 . Peak Build Rating 18 | 7 13 15 18 Average Rating 13 | 5 11 14 17 On Entrance 8 | . 7 13 14 Naked Turns . | . . . . Heaviest Build 60 | 12 59 58 60 Greatest Support 46 | 40 40 40 46 Greatest Overweight (x) 1 | . 1 1 1 Average Overweight (x) . | . . 1 1 Largest Inventory Capacity 20 | 8 20 20 20 Average Capacity 17 | 6 13 20 20 Most Carried 20 | 6 20 20 20 Average Carried 16 | 2 12 19 18 Final Capacity 20 | 8 20 20 20 Final Carried 20 | 6 20 19 18 Class Distribution -------------------- 100% | Mutant Dominant Class ---------------- Mutant | -10/Materials Mutant | -10/Mines Mutant | -10/Subcaves Resources | -11 -10 -10 -10 ----------- Run | Yrd Mat Min Sub Matter Collected 869 | 290 323 136 120 Remotely . | . . . . Salvage Created 1083 | 152 377 361 193 Parts 50 | 11 10 13 16 Haulers Intercepted 2 | . 2 . . Recyclers Shooed 2 | 1 1 . . Parts Field Recycled . | . . . . Retrieved Matter . | . . . . Parts Self-Destructed 2 | . . . 2 Prevented . | . . . . Kills | -11 -10 -10 -10 ------- Run | Yrd Mat Min Sub Combat Hostiles Destroyed 21 | . 7 8 6 Melee 5 | . 3 2 . Guns 5 | . 1 2 2 Cannons 1 | . . . 1 AOE 6 | . 2 1 3 Classes Destroyed 11 | 2 4 3 2 Worker 2 | . . 2 . Builder 1 | . . 1 . Tunneler 4 | 2 . 2 . Hauler 2 | . 2 . . Recycler 1 | 1 . . . Mechanic 1 | . 1 . . Watcher 2 | . 2 . . Grunt 13 | . 7 6 . Artisan 1 | . . . 1 Subdweller 6 | . . . 6 Assembled 2 | . . 2 . Best Kill Streak 8 | 2 2 8 2 Combat Bots Only 4 | . 2 4 2 Max Kills in Single Turn 2 | 1 1 1 2 Gunslinging . | . . . . Exploded 2 | . 1 1 2 Melee 1 | . 1 1 . Uniques/NPCs Destroyed . | . . . . Combat | -11 -10 -10 -10 -------- Run | Yrd Mat Min Sub Hostile Shots Fired 159 | . 73 41 45 Missed 42 | . 23 9 10 Hits 117 | . 50 32 35 Melee 4 | . . 4 . Projectile 113 | . 50 28 35 AOE 3 | . . . 3 Damage Taken 2052 | . 667 450 935 Core 261 | . 113 23 125 Absorbed by Shields . | . . . . Regen/Repaired (Parts) 92 | . 92 . . Core Remaining (%) 100 | 100 . . . Volleys Fired 80 | 5 23 17 35 Largest 2 | 2 2 2 2 Hottest 80 | 40 60 80 80 Shots Fired 149 | 10 37 32 70 Gun 89 | 10 31 30 18 Cannon 42 | . . . 42 Launcher 18 | . 6 2 10 Special . | . . . . Kinetic 83 | 10 31 . 42 Thermal . | . . . . Explosive 18 | . 6 2 10 Electromagnetic 48 | . . 30 18 Robot Hit Streak 11 | 5 8 11 11 Robot Miss Streak 6 | 1 3 6 2 Penetration Max . | . . . . Secondary Targets . | . . . . Shots Hit Robots 130 | 8 44 34 44 Core Hits 47 | 4 13 12 18 Critical Kills 3 | 1 1 1 . Critical Parts Destroyed 3 | . 2 1 . Critical Strikes 9 | 1 3 2 3 Destroy 1 | 1 . . . Blast 3 | . . . 3 Smash 5 | . 3 2 . Melee Attacks 50 | . 32 18 . Impact 50 | . 32 18 . Slashing . | . . . . Piercing . | . . . . Sneak Attacks 8 | . 4 4 . Combat Hostiles . | . . . . Follow-up Attacks 3 | . 3 . . Damage Inflicted 3443 | 80 1253 842 1268 Guns 744 | 80 246 294 124 Cannons 553 | . . . 553 Explosions 938 | . 237 110 591 Melee 1203 | . 765 438 . Ramming 5 | . 5 . . Kinetic 879 | 80 246 . 553 Thermal 47 | . . 47 . Explosive 891 | . 237 63 591 Electromagnetic 418 | . . 294 124 Impact 1203 | . 765 438 . Slashing . | . . . . Piercing . | . . . . Highest Corruption . | . . . . Average Corruption . | . . . . Corruption Purged . | . . . . Corruption Blocked . | . . . . Overload Shots . | . . . . Overflow Damage 279 | . 168 95 16 Projectiles 16 | . . . 16 Explosions . | . . . . Melee 263 | . 168 95 . Knockbacks 14 | . 4 4 6 Impact 7 | . 4 3 . Kinetic 6 | . . . 6 Secondary 1 | . . 1 . Self-Inflicted Damage 103 | . . . 103 Shots 6 | . . . 6 Rammed 3 | . 3 . . Targets Rammed 3 | . 3 . . Kicked . | . . . . Crushed . | . . . . Highest Temperature 144 | . 24 144 . Average Temperature 54 | . 11 61 . Received Heat Transfer 696 | . 375 183 138 Siege Activations . | . . . . Martial Activations . | . . . . Shielding Activations . | . . . . Robots Disrupted . | . . . . Combat Hostiles . | . . . . Robots Corrupted 6 | . 2 4 . Combat Hostiles 4 | . 1 3 . Parts Fried 16 | . 3 13 . Impact Corruptions 12 | . 6 6 . Robots Melted . | . . . . Combat Hostiles . | . . . . Parts Melted . | . . . . Heat Transferred . | . . . . Parts Sabotaged . | . . . . Parts Stolen . | . . . . Parts Stripped . | . . . . Power Chain Reactions 1 | . . 1 . Alert | -11 -10 -10 -10 ------- Run | Yrd Mat Min Sub Maximum Alert Level . | . . . . Low Security (%) 100 | 100 100 100 . Level 1 . | . . . . Level 2 . | . . . . Level 3 . | . . . . Level 4 . | . . . . Level 5 . | . . . . High Security . | . . . . Max Security . | . . . . Peak Influence 84 | 5 84 79 . Initial . | . . . . Average 14 | 1 17 11 . Influence Increases 501 | 15 302 184 . Destroy 0b10 Robot/C 260 | . 140 120 . Destroy 0b10 Robot/NC 65 | 15 25 25 . Destroy Leader 48 | . 38 10 . Successful Hack 48 | . 48 . . Select Force Hacks 30 | . 30 . . Destroy Structure 35 | . 21 14 . Lose Combat Pursuer 15 | . . 15 . Influence Decreases 501 | 15 302 184 . Time Decay 496 | 15 302 179 . Lost Part 5 | . . 5 . Squads Dispatched 1 | . 1 . . Investigation 1 | . 1 . . Extermination . | . . . . Reinforcement . | . . . . Assault . | . . . . Garrison . | . . . . Intercept . | . . . . Searches Triggered . | . . . . Construction Impeded . | . . . . Haulers Reinforced . | . . . . Active Scanning Responses . | . . . . Cargo Convoy Interrupts . | . . . . Stealth | -11 -10 -10 -10 --------- Run | Yrd Mat Min Sub Distress Signals 1 | . 1 . . Communications Jammed . | . . . . Distress Signals . | . . . . Times Spotted 36 | . 17 10 9 Peak Tracking Total 4 | . 4 4 2 Tactical Retreats 1 | . . 1 . Traps | -11 -10 -10 -10 ------- Run | Yrd Mat Min Sub Traps Triggered 2 | . 2 . . Indirectly . | . . . . Trap Hack Attempts . | . . . . Triggered . | . . . . Disarmed . | . . . . Reprogrammed . | . . . . Reused . | . . . . Traps Extracted . | . . . . Installed . | . . . . Triggered . | . . . . Machines | -11 -10 -10 -10 ---------- Run | Yrd Mat Min Sub Machines Disabled . | . . . . Max in Single Turn . | . . . . Machines Repaired . | . . . . Machines Dismantled . | . . . . Machines Sabotaged . | . . . . Overloaded Fab Kills . | . . . . Hacking | -11 -10 -10 -10 --------- Run | Yrd Mat Min Sub Machines Accessed 8 | . 7 1 . Terminals 5 | . 5 . . Fabricators . | . . . . Repair Stations 1 | . 1 . . Recycling Units 1 | . 1 . . Scanalyzers . | . . . . Garrison Access . | . . . . Total Hacks 26 | . 25 1 . Successful 14 | . 13 1 . Failed 12 | . 12 . . Catastrophic . | . . . . Database Lockouts . | . . . . Manual 15 | . 15 . . Terminals 22 | . 22 . . Fabricators . | . . . . Repair Stations 2 | . 2 . . Recycling Units 1 | . 1 . . Scanalyzers . | . . . . Garrison Access . | . . . . Terminal Hacks 4 | . 3 1 . Robot Analysis 1 | . 1 . . Prototype ID Bank 1 | . 1 . . Open Door 1 | . . 1 . Locate Traps 1 | . 1 . . Fabricator Hacks . | . . . . Repair Station Hacks 2 | . 2 . . Scan Component 1 | . 1 . . Repair 1 | . 1 . . Recycling Unit Hacks . | . . . . Scanalyzer . | . . . . Garrison Access Hacks . | . . . . Unauthorized Hacks 8 | . 8 . . Terminals 7 | . 7 . . Botnet 2 | . 2 . . Skim 5 | . 5 . . Fabricators . | . . . . Repair Stations . | . . . . Recycling Units 1 | . 1 . . Tunnel 1 | . 1 . . Scanalyzers . | . . . . Garrison Access . | . . . . Data Cores Recovered . | . . . . Used . | . . . . Hacking Detections 6 | . 6 . . Full Trace Events . | . . . . Feedback Events . | . . . . Feedback Blocked . | . . . . Robot Schematics Acquired . | . . . . Robots Built . | . . . . Authchips . | . . . . Time . | . . . . Total Robot Build Rating . | . . . . Part Schematics Acquired . | . . . . Parts Built . | . . . . Authchips . | . . . . Time . | . . . . Total Part Build Rating . | . . . . Parts Repaired 1 | . 1 . . Time 13 | . 13 . . Parts Recycled . | . . . . Recycled Matter . | . . . . Retrieved Matter . | . . . . Retrieved Components . | . . . . Parts Scanalyzed . | . . . . Part Schematics Acquired . | . . . . Parts Damaged . | . . . . Bothacking | -11 -10 -10 -10 ------------ Run | Yrd Mat Min Sub Used RIF Installer . | . . . . Robots Hacked . | . . . . Non-combat . | . . . . Combat . | . . . . Robot Hacks Applied . | . . . . Relay Couplers Released . | . . . . Fabnet Peak Effective % . | . . . . Robots Rewired . | . . . . Allies Hacked . | . . . . Hacks Repelled . | . . . . Allies | -11 -10 -10 -10 -------- Run | Yrd Mat Min Sub Total Allies . | . . . . Largest Group . | . . . . Highest-Rated Group . | . . . . Highest-Rated Ally . | . . . . Total Orders . | . . . . Ally Attacks . | . . . . Total Damage . | . . . . Kills . | . . . . Allies Corrupted . | . . . . Allies Melted . | . . . . Intel | -11 -10 -10 -10 ------- Run | Yrd Mat Min Sub Active Infowar (turns) 458 | 11 447 . . Seismic 458 | 11 447 . . Robot Analysis Total 1 | . 1 . . Derelict Logs Recovered 2 | . . 1 1 Drone Launches . | . . . . Drone Recoveries . | . . . . Exploration | -11 -10 -10 -10 ------------- Run | Yrd Mat Min Sub Turns Passed 5017 | 117 1671 1825 1404 Spaces Moved 2118 | 59 821 708 530 Core 6 | 6 . . . Treads 2017 | 53 726 708 530 Legs . | . . . . Wheels 95 | . 95 . . Hover . | . . . . Flight . | . . . . Fastest Speed 50 | 50 100 240 240 Average Speed 211 | 148 172 240 240 Slowest Speed 240 | 160 240 240 240 Overloaded Moves . | . . . . Propulsion Burnouts . | . . . . Robots Hopped . | . . . . Potential Cave-ins . | . . . . Cave-ins Triggered . | . . . . Exploration Rate (%) 56 | 5 99 97 26 Regions Visited 3 Branch Regions 2 Pre-discovered Areas 4 | . 2 1 1 Known Exits Taken . | . . . . Unknown Exits Taken 3 | 1 1 1 . Scrap Searched 1 | . . 1 . Spaces Dug 8 | . 1 6 1 Terrain Destroyed 99 | . 29 15 55 Melee 1 | . 1 . . Projectile 2 | . . . 2 AOE 96 | . 28 15 53 Terrain Rammed . | . . . . Walls Destroyed . | . . . . Machines Disabled . | . . . . Actions | -11 -10 -10 -10 --------- Run | Yrd Mat Min Sub Total 2437 | 76 999 771 591 Wait 56 | . 34 13 9 Move 2115 | 58 820 707 530 Hop . | . . . . Pick Up 53 | 6 39 4 4 Fast Attach 11 | 7 3 . 1 Attach 13 | . 7 2 4 Detach 2 | . 2 . . Swap 25 | . 15 5 5 Drop 34 | . 26 5 3 Fire 80 | 5 23 17 35 Melee 45 | . 27 18 . Ram . | . . . . Kick . | . . . . Crush 3 | . 3 . . Escape Stasis . | . . . . Rewire . | . . . . Trap . | . . . . Miscellaneous . | . . . . Route ------- -11/Scrapyard -10/Materials (discovered 6 exits: [*Mat x3] / *Min x2 / [*Sub]) -10/Mines (discovered 4 exits: [*Mat x2] / [*Exi] / [*Sub]) -10/Subcaves (discovered 1 exit: Rec) History --------- Turn | Location | Event 4 | -11/Scrapyard | Discovered new exit (range 13) 118 | -11/Scrapyard | Entered Materials 241 | -10/Materials | Discovered new exit (range 10) 312 | -10/Materials | Build established: Mutant 374 | -10/Materials | Discovered new exit (range 8) 515 | -10/Materials | Discovered new exit (range 10) 697 | -10/Materials | Discovered new exit (range 6) 824 | -10/Materials | Repaired Lgt. Treads 865 | -10/Materials | Discovered new exit (range 7) 1157 | -10/Materials | Learned location of Recycling (-7) 1192 | -10/Materials | Learned Storage trap positions 1216 | -10/Materials | Loaded intel: 9 trap records 1229 | -10/Materials | Learned Storage emergency access door positions 1233 | -10/Materials | Learned Storage terminal intel 1235 | -10/Materials | Loaded intel: 24 non-interactive machine locations 1267 | -10/Materials | Learned Storage stockpile data 1650 | -10/Materials | Discovered new exit (range 10) 1789 | -10/Materials | Entered Mines 1818 | -10/Mines | Deemed a non-threat by the Exiles lab entrance 1821 | -10/Mines | Discovered new exit (range 5) 1965 | -10/Mines | Discovered new exit (range 12) 2002 | -10/Mines | Found the Drone Emporium 2011 | -10/Mines | Found Prototype Device 2293 | -10/Mines | Learned Materials emergency access door positions 2296 | -10/Mines | Found a Scrap Suit stashed away for nefarious purposes 2303 | -10/Mines | Found Scrap Suit 2333 | -10/Mines | Discovered new exit (range 10) 2613 | -10/Mines | Discovered new exit (range 10) 2725 | -10/Mines | Excavation squad dispatched 2725 | -10/Mines | A large section of the Mines collapsed 2996 | -10/Mines | Core integrity fell below 50% 3090 | -10/Mines | Learned location of Storage (-7) 3256 | -10/Mines | Received a Rocket Launcher from a helpful Derelict 3614 | -10/Mines | Entered Subcaves 3615 | -10/Subcaves | Approached by a straggling Scientist 3615 | -10/Subcaves | Identified exit to Recycling 3707 | -10/Subcaves | Lost 3 allies 3889 | -10/Subcaves | Ambushed by Subdweller buried in earth 4073 | -10/Subcaves | A swath of the cavern ceiling suddenly collapsed 4462 | -10/Subcaves | Learned location of Zion (-6) 4997 | -10/Subcaves | Core integrity fell below 20% 5018 | -10/Subcaves | Destroyed by 1C-8HL(R) with Subdweller Laser Last Messages --------------- 04656_ 3T-ASL(R) knocked back. 04659_ 3T-ASL(R) destroyed. 04661_ Subatomizers dissect the Disposable Heat Sink. 04674_ Acquired 3 matter. 04679_ Acquired 1 matter. 04681_ Acquired 8 matter. 04688_ Subatomizers dissect the Disposable Heat Sink. 04688_ Acquired 4 matter. 04699_ Subatomizers dissect the Disposable Heat Sink. 04709_ Subatomizers dissect the Disposable Heat Sink, destroying it. 04964_ A7-IYF(R) destroyed. 04966_ Subatomizers dissect the Sub. Beam Cannon. 04967_ 40-282(R) destroyed. 04970_ Z3-PNZ(R) Disposable Heat Sink blasted off. 04978_ Subatomizers dissect the Sub. Beam Cannon. 04985_ Z3-PNZ(R) suffers critical hit (Blast). 04988_ Z3-PNZ(R) destroyed. 04989_ Subatomizers dissect the Sub. Beam Cannon. 04993_ BN-Q9F(R) knocked back. 05014_ Acquired 2 matter. Map ----- +----------------------------------------------------+ | ?????????????????? #??## #?????????????? | | ?????????????????########## #?????????????? | | ??????????????????????# ##?????????????? | | ??????????????????????# #?????????????? | | ??????????????????????### ##?????????????? | | ??????????????????###???# #??????????????? | | ??????????????????# #??# #??????????????? | | ?????????????????## #?## #??????????????? | | ????????????????## #?## ##?????????????? | | ????????????????# ### #?????????????? | | ????????????? ### #?????????????? | | ????????????? #?????????????? | | ????????????# #?????????????? | | ????????????# ##?????????????? | | ?????????????# ##??????????????? | | ?????????????# #???????????????? | | ?????????????# ##??????????????? | | ?????????????## ##### ## ##?????????????? | | ???????????##?????#####?## #?????????????? | | ???????????# ???## ###?## #?????????????? | | ??????????## ### #### #?????????????? | | ??????????# ## ##?????????????? | | ??????????# ##??????????????? | | ??????????# % ##???????????????? | | ????????? #????????????????? | | ????????? " R @##????????????????? | | ??????????? """# ###???####??????????? | | ??????????????"""""?## ### "&*&#??????????? | | ????????????????????## " &&%%&%#??????????? | | ????????????????????# & %&"#??????????? | | ????????????????????## ]%]%" #??????????? | | ?????????????????????### # %" "??????????? | | ???????????????????????## #?####??????????? | | ????????????????????????? #???????????????? | | ????????????????????????? #???????????????? | | ????????????????????????? #??????????????? | | ????????????????????????? #??????????????? | | ????????????????????????? #??????????????? | | ?????????????????????????# #??????????????? | | ?????????????????????????? ??????????????? | | ?????????????????????????? ####?????????????? | | ??????????????????????????##????????????????? | | ????????????????????????????????????????????? | | ????????????????????????????????????????????? | | ????????????????????????????????????????????? | | ????????????????????????????????????????????? | | ????????????????????????????????????????????? | | ????????????????????????????????????????????? | | ????????????????????????????????????????????? | | ????????????????????????????????????????????? | +----------------------------------------------------+ Best States ------------- Heat Dissipation 25 Energy Generation 14 Energy Capacity 280 Matter Stores 300 Matter Capacity 300 Sight Range 16 Terrain Scan Density 10 Armor Coverage 150 Evasion (%) 40 Recoil Reduction 2 Item Schematics ----------------- None Robot Schematics ------------------ None Fabricated ------------ Nothing Repaired ---------- Lgt. Treads | 34% | -10/Materials Alien Tech Used ----------------- None Achievements -------------- None Challenges ------------ None Game ------ Seed HeartCompositeArmor Manual? 0 Play Time 00:21:55 Cumulative 270.1 hours Start 2025.05.26 @ 22:14:54 End 2025.05.26 @ 22:36:50 Sessions 1 Manual Loads 0 Difficulty Rogue Special Mode None Game No. 130 Rogue 130 Adventurer 0 Explorer 0 Win Type - Total 1 Types 0/0/0/0/1/0/0/0/0/0 Lore% 65 Gallery% 73 Achievement% 64 Wizard Run 0 Options --------- Layout 0 ASCII 0 Keyboard 0 Movement Mouse Keybinds 0 Fullscreen 1 Font 24/Smallcaps Map View 183x50 Zoom Use 0% Tactical HUD 1 Map Filters NONE Filters NONE Steam 0 RUN: 3ae8cc1a-0cad-48c1-a8a8-5bc6699db01d